 Dungeon Crawl Stone Soup version 0.20.0-7-g3b7b877 (webtiles) character file.

117 Rrauwl the Skirmisher (level 4, 0/48 HPs)
             Began as a Troll Wanderer on May 29, 2017.
             Slain by an orc warrior
             ... wielding a +0 scimitar
              (23 damage)
             ... on level 4 of the Dungeon.
             The game lasted 00:05:56 (1548 turns).

Rrauwl the Skirmisher (Troll Wanderer)              Turns: 1548, Time: 00:05:56

Health: 0/48       AC:  5    Str: 18      XL:     4   Next: 71%
Magic:  3/3        EV: 10    Int: 14 (16) God:
Gold:   106        SH:  0    Dex: 10      Spells: 3/3 levels left

rFire    . . .     SeeInvis +   a - +4 whip
rCold    . . .     Gourm    +   (no shield)
rNeg     . . .     Faith    .   c - +0 robe
rPois    .         Spirit   .   (helmet restricted)
rElec    .         Reflect  .   (no cloak)
rCorr    .         Harm     .   (gloves unavailable)
MR       .....                  (boots unavailable)
Stlth    +.........             (no amulet)
Regen    0.6/turn               k - +6 ring of intelligence
MPRegen  0.1/turn               l - ring of see invisible

@: no status effects
A: unfitting armour, claws 3, fast metabolism 3, gourmand, regeneration 1,
shaggy fur 1, tough skin 2
a: no special abilities


You were on level 4 of the Dungeon.
You were very full.

You visited 1 branch of the dungeon, and saw 4 of its levels.

You collected 106 gold pieces.

Inventory:

Hand Weapons
 a - a +4 whip (weapon)
 b - a +2 blowgun
 d - a +0 shortbow
 g - a +0 club
Missiles
 e - 25 arrows
Armour
 c - a +0 robe (worn)
Jewellery
 j - an uncursed ring of flight
 k - a +6 ring of intelligence (left claw)
 l - a ring of see invisible (right claw)
 m - a cursed ring of loudness {unknown}
 s - an uncursed amulet of faith
Scrolls
 h - a scroll of recharging
 i - 2 scrolls of remove curse
Comestibles
 f - 5 bread rations
 r - a meat ration


   Skills:
 - Level 4.0 Fighting
 + Level 2.5 Maces & Flails
 - Level 1.0 Bows
 - Level 2.0 Throwing
 - Level 2.4 Dodging
 - Level 1.0 Stealth


You had 3 spell levels left.
You didn't know any spells.

Dungeon Overview and Level Annotations

Branches:
Dungeon (4/15)
 Temple: D:4-7

Altars:
Dithmenos


Innate Abilities, Weirdness & Mutations

You are too large for most types of armour.
You have claws for hands.
Your metabolism is lightning-fast.
You like to eat raw meat.
Your natural rate of healing is unusually fast.
You are covered in fur. (AC +1)
You have very tough skin. (AC +2)


Message History

The orc wizard closely misses you. The orc wizard casts a spell at you.
The puff of flame hits you!
You closely miss the orc wizard.
The orc wizard is almost dead.
The orc wizard hits you but does no damage.
You barely miss the orc wizard.
The orc wizard is almost dead.
The orc wizard hits you with a dagger.
The orc wizard begins to cast a cantrip, but forgets the words!
You hit the orc wizard.
You kill the orc wizard!
You feel your strength returning.
You feel your intelligence returning.
Your Maces & Flails skill increases to level 2!
Unknown command.
You hit the orc.
The orc is heavily wounded.
You closely miss the orc warrior.
The orc warrior hits you with a scimitar!!
You die...

#. #.# ### #.#
... #.# ##
#.##.######...#
#.....oo@...#
##....g####...#
##..g## ##
##o## #.# #)# #
##g## #.#
##.g.##
####.###
##..o(.##
#......# ###


You could see an orc warrior, an orc priest, 2 gnolls and an orc.

Vanquished Creatures
  An orc wizard (D:4)
  2 adders (D:2)
  An ooze (D:1)
  A worm (D:2)
  A dart slug (D:2)
  A leopard gecko (D:1)
  An orc (D:4)
  12 bats
  10 giant cockroaches (D:2)
  3 goblins
  5 hobgoblins
  3 jackals (D:1)
  3 kobolds
  A quokka (D:2)
  2 ball pythons (D:2)
  3 frilled lizards
  3 rats
53 creatures vanquished.

Notes
Turn   | Place    | Note
-------+----------+-------------------------------------------
     0 | D:1      | Rrauwl the Troll Wanderer began the quest for the Orb.
     0 | D:1      | Rrauwl set off with: a curare-tipped needle, a +2 blowgun, a +0 robe, a +0 shortbow, 25 arrows, 2 bread rations
     0 | D:1      | Reached XP level 1. HP: 23/23 MP: 0/0
   180 | D:1      | Reached XP level 2. HP: 31/31 MP: 1/1
   515 | D:1      | Reached XP level 3. HP: 39/39 MP: 2/2
   686 | D:2      | Reached skill level 1 in Maces & Flails
  1070 | D:2      | Reached XP level 4. HP: 48/48 MP: 3/3
  1185 | D:2      | Reached skill level 4 in Fighting
  1391 | D:3      | Noticed a phantom
  1436 | D:3      | HP: 2/48 [phantom (9)]
  1481 | D:4      | Found a shadowy altar of Dithmenos.
  1486 | D:4      | Noticed an orc warrior
  1548 | D:4      | Slain by an orc warrior

Skill      XL: |  1  2  3  4 |
---------------+-------------+-----
Maces & Flails | 1 2 |  2.5
Throwing       | 2 |  2.0
Fighting       | 4 |  4.0
Bows           | |  1.0
Dodging        | |  2.4
Stealth        | |  1.0

Action                   |  1- 3 |  4- 6 || total
-------------------------+-------+-------++-------
Melee: Unarmed           |    33 |       ||    33
       Whip              |    62 |    74 ||   136
 Fire: Blowgun           |     2 |       ||     2
  Use: Potion            |     5 |     2 ||     7
       Scroll            |     4 |     3 ||     7
 Stab: Sleeping          |     1 |       ||     1
  Eat: Chunk             |    15 |     3 ||    18
Armor: Robe              |    49 |    27 ||    76
Dodge: Dodged            |    58 |    27 ||    85
